Map: Orbital Shipyard

Players

Fullmetal

  • Race: Terran Terran
  • League: Master

Freizya - Winner!

  • Race: Terran Terran
  • League: Master

VOD

Have the link to the VOD?

Description

Time

  • Played on: Nov. 16, 2015, 2:33 a.m.
  • Length: 3:16
Show
View Real Time Build Order
Export as new Build Order

Fullmetal Terran 

Build Orders: 1/1/1 

Get SALT Encoding   

  12  0:01  SCV  
  13  0:13  SCV  
  14  0:18  Supply Depot  
  14  0:25  Refinery  
  14  0:28  SCV  
  15  0:40  SCV  
  16  0:48  Barracks  
  16  0:52  SCV  
  17  1:04  SCV  
  18  1:16  SCV  
  19  1:24  Refinery  
  19  1:34  Orbital Command  
  19  1:36  Factory, Marine  
  20  1:53  Supply Depot  
  20  1:54  Marine  
  20  2:00  SCV  
  22  2:12  SCV  
  22  2:14  Marine  
  24  2:21  Hellion, Starport  
  26  2:27  SCV  
  25  2:33  Supply Depot  
  23  2:42  SCV  
  23  2:43  Hellion  
  26  2:48  Barracks Tech Lab  
  25  3:00  SCV  
Show
View Real Time Build Order
Export as new Build Order

Freizya Terran - Winner!

Build Orders:  

Get SALT Encoding   

  12  0:01  SCV  
  13  0:13  Supply Depot  
  13  0:26  Refinery  
  13  0:52  Barracks  
  13  0:58  Barracks  
  13  1:18  Barracks  
  13  1:24  SCV  
  14  1:40  Reaper  
  14  1:45  Reaper  
  16  1:51  Refinery  
  16  1:56  SCV  
  17  2:05  Reaper  
  18  2:12  Reaper  
  19  2:20  Reaper  
  19  2:40  Reaper  
Tags
 
Add a new tag
Caveats
  • Supply blocks, unpowered buildings, or Contaminate may cause inaccurate times.
  • Supply counts are checked every 10 seconds.